 Dungeon Crawl Stone Soup version 0.22.1-1-ga44c0e5 (webtiles) character file.

177 MalarOregon the Chiller (level 5, -4/38 HPs)
             Began as a Merfolk Ice Elementalist on Nov 12, 2018.
             Slain by a phantom (9 damage)
             ... on level 3 of the Dungeon.
             The game lasted 00:11:17 (2951 turns).

MalarOregon the Chiller (Merfolk Ice Elementalist)  Turns: 2951, Time: 00:11:18

Health: -4/38      AC: 16    Str:  9    XL:     5   Next: 57%
Magic:  0/7        EV: 14    Int: 17    God:
Gold:   91         SH:  0    Dex: 14    Spells: 2/9 levels left

rFire    . . .     SeeInvis .   u - +0 dagger (protect)
rCold    . . .     Gourm    .   (no shield)
rNeg     + . .     Faith    .   a - +0 robe
rPois    .         Spirit   .   m - +0 helmet
rElec    .         Reflect  .   g - +0 cloak (curse)
rCorr    .         Harm     .   (no gloves)
MR       .....                  (no boots)
Stlth    ++........             (no amulet)
HPRegen  0.12/turn              d - +3 ring of protection
MPRegen  0.10/turn              o - ring of positive energy

@: protection aura, very slightly contaminated
A: change form in water, swift swim, stealthy swim, yellow scales 1, blurry
vision 1, clever 1, low mp 1
a: no special abilities


You were on level 3 of the Dungeon.
You were hungry.

You visited 1 branch of the dungeon, and saw 3 of its levels.

You collected 91 gold pieces.

Inventory:

Hand Weapons
 u - a +0 dagger of protection (weapon)
   (You took it off a goblin on level 3 of the Dungeon)
Armour
 a - a +0 robe (worn)
 g - a cursed +0 cloak (worn)
   (You found it on level 1 of the Dungeon)
 m - a +0 helmet (worn)
   (You found it on level 2 of the Dungeon)
Jewellery
 d - a +3 ring of protection (left hand)
   (You found it on level 3 of the Dungeon)
 o - a ring of positive energy (right hand)
   (You found it on level 3 of the Dungeon)
 p - a +2 amulet of reflection {unknown}
   (You found it on level 3 of the Dungeon)
Scrolls
 c - 4 scrolls of teleportation {unknown}
 h - 3 scrolls of identify {@r1}
 j - 2 scrolls of magic mapping {unknown}
 n - 2 scrolls of fog {unknown}
 r - a scroll of remove curse {unknown}
Potions
 b - a potion of curing {@q1}
 f - 2 potions of flight
Comestibles
 e - 9 rations {!d}


   Skills:
 + Level 1.8 Fighting
 + Level 3.7 Dodging
 + Level 2.9 Stealth
 + Level 2.5 Spellcasting
 + Level 1.6 Conjurations
 * Level 4.7 Ice Magic


You had 2 spell levels left.
You knew the following spells:

 Your Spells              Type           Power        Failure   Level  Hunger
a - Freeze                Ice            ###.         2%          1    #......
d - Summon Ice Beast      Ice/Summ       ##......     56%         4    #####..
x - Throw Frost           Conj/Ice       ##....       8%          2    ##.....

Your spell library contained the following spells:

 Spells                   Type           Power        Failure   Level  Hunger
 Ozocubu's Armour         Chrm/Ice       ##......     21%         3    ###....
 Throw Icicle             Conj/Ice       ##......     45%         4    #####..


Dungeon Overview and Level Annotations

Branches:
Dungeon (3/15)

Altars:
Cheibriados
Kikubaaqudgha
Nemelex Xobeh
Trog
Vehumet
Wu Jian
Zin
The Shining One


Innate Abilities, Weirdness & Mutations

You revert to your normal form in water.
You are very nimble and swift while swimming.
You are very stealthy in the water. (Stealth+)
You are partially covered in yellow scales. (AC +2)
Scrolls take you a little longer to read.
Your mind is acute. (Int +2)
Your magical capacity is low. (-10% MP)


Message History

You closely miss the phantom.
The phantom blinks!
You hit the phantom. The phantom barely misses you.
You barely miss the phantom.
Your ice beast hits the phantom but does no damage.
The phantom hits your ice beast.
You completely miss the phantom.
Your ice beast barely misses the phantom.
The phantom blinks!
The phantom barely misses your ice beast.
Your ice beast hits the phantom.
Your ice beast freezes the phantom.
The phantom completely resists.
The phantom hits you.
* * * LOW HITPOINT WARNING * * *
The phantom blinks!
You completely miss the phantom. The phantom completely misses you.
You hit the phantom.
Your weapon exudes an aura of protection.
Your ice beast hits the phantom.
Your ice beast freezes the phantom.
The phantom resists.
The phantom barely misses your ice beast.
You hit the phantom but do no damage.
Your ice beast disappears in a puff of smoke!
The phantom hits you.
* * * LOW HITPOINT WARNING * * *
You hit the phantom but do no damage.
The phantom blinks!
You completely miss the phantom. The phantom barely misses you.
You hit the phantom but do no damage.
The phantom blinks!
You hit the phantom but do no damage.
The phantom hits you but does no damage.
You miss the phantom. The phantom barely misses you.
You miss the phantom. The phantom hits you.
* * * LOW HITPOINT WARNING * * *
You closely miss the phantom. The phantom misses you.
You hit the phantom but do no damage.
The phantom hits you but does no damage.
You hit the phantom but do no damage.
The phantom hits you but does no damage.
You hit the phantom but do no damage.
The phantom hits you but does no damage.
You hit the phantom.
The phantom blinks!
The phantom blinks!
You hit the phantom but do no damage. The phantom misses you.
You hit the phantom. The phantom misses you.
You hit the phantom. The phantom closely misses you.
The spell is very dangerous to cast (56% risk of failure)!
Continue anyway?
You miscast Summon Ice Beast.
You are very lightly contaminated with residual magic.
You are feeling hungry.
The phantom misses you.
You barely miss the phantom. The phantom hits you!
You die...

#########..###.....#
###.##.#
......#....._#.....#
#....#
#########..###.....#
######
#.....#.######
###..###......#
#_...._#......#
##__#_##......#
#######......#
#.##...W@...#
#.##........#
#.##........#
#...........#
#####'#######
#.)...# ####.....#
#........#
########.##....##


You could see a phantom.

Vanquished Creatures
  Jessica (D:2)
  Natasha (thrice) (D:2)
  An adder (D:2)
  A worm (D:2)
  A dart slug (D:1)
  2 leopard geckos
  An orc (D:3)
  A ball python (D:1)
  2 giant cockroaches
  9 goblins
  7 hobgoblins
  7 kobolds
  A quokka (D:3)
  14 bats
  5 frilled lizards
  6 rats
62 creatures vanquished.

Notes
Turn   | Place    | Note
-------+----------+-------------------------------------------
     0 | D:1      | MalarOregon the Merfolk Ice Elementalist began the quest
                  | for the Orb.
     0 | D:1      | Reached XP level 1. HP: 13/13 MP: 3/3
   126 | D:1      | Reached XP level 2. HP: 11/20 MP: 0/5
   136 | D:1      | Learned a level 2 spell: Throw Frost
   292 | D:1      | You fall through a shaft!
   752 | D:1      | Reached XP level 3. HP: 25/25 MP: 2/6
   865 | D:1      | Reached skill level 1 in Conjurations
  1115 | D:2      | Reached skill level 1 in Fighting
  1115 | D:2      | Reached skill level 4 in Ice Magic
  1126 | D:2      | Found an ornate altar of the Wu Jian Council.
  1143 | D:2      | Noticed Natasha
  1153 | D:2      | Killed Natasha
  1153 | D:2      | Reached XP level 4. HP: 7/32 MP: 0/7
  1436 | D:2      | Noticed Jessica
  1473 | D:2      | Noticed Natasha
  1498 | D:2      | Killed Jessica
  1844 | D:2      | Killed Natasha
  1844 | D:2      | Reached XP level 5. HP: 33/37 MP: 4/8
  1849 | D:2      | Noticed Natasha
  1860 | D:2      | Killed Natasha
  2128 | D:3      | Found a glowing golden altar of the Shining One.
  2130 | D:3      | Found a bloodstained altar of Trog.
  2130 | D:3      | Found a sparkling altar of Nemelex Xobeh.
  2130 | D:3      | Found a snail-covered altar of Cheibriados.
  2131 | D:3      | Found an ancient bone altar of Kikubaaqudgha.
  2134 | D:3      | Found a glowing silver altar of Zin.
  2135 | D:3      | Found a radiant altar of Vehumet.
  2217 | D:3      | Noticed a phantom
  2266 | D:3      | Found a glowing golden altar of the Shining One.
  2843 | D:3      | Gained mutation: Your magical capacity is low. (-10% MP)
                  | [potion of mutation]
  2843 | D:3      | Gained mutation: You are partially covered in yellow
                  | scales. (AC +2) [potion of mutation]
  2843 | D:3      | Gained mutation: Scrolls take you a little longer to read.
                  | [potion of mutation]
  2843 | D:3      | Gained mutation: Your mind is acute. (Int +2) [potion of
                  | mutation]
  2860 | D:3      | Learned a level 4 spell: Summon Ice Beast
  2951 | D:3      | Slain by a phantom

Skill      XL: |  1  2  3 |
---------------+----------+-----
Dodging        | 3 |  3.7
Conjurations   | 1 |  1.6
Fighting       | 1 |  1.8
Ice Magic      | 4 |  4.7
Stealth        | |  2.9
Spellcasting   | |  2.5

Action                   |  1- 3 |  4- 6 || total
-------------------------+-------+-------++-------
Melee: Unarmed           |    33 |     6 ||    39
       Dagger            |       |   108 ||   108
       Whip              |       |     7 ||     7
       Club              |       |     6 ||     6
 Cast: Freeze            |    41 |    63 ||   104
       Throw Frost       |     3 |       ||     3
       Summon Ice Beast  |       |     1 ||     1
  Use: Scroll            |     1 |       ||     1
       Potion            |       |     5 ||     5
 Stab: Sleeping          |       |     1 ||     1
  Eat: Chunk             |     2 |     7 ||     9
Armor: Robe              |    10 |    42 ||    52
       Skin              |       |    19 ||    19
Dodge: Dodged            |    60 |    83 ||   143
